 Dungeon Crawl Stone Soup version 0.22-a0-422-g9628fc8 (webtiles) character file.

301872 gottagoquickly the Brawler (level 20, 0/262 HPs)
             Began as a Troll Skald on May 21, 2018.
             Was the Champion of Cheibriados.
             Killed by the air
             ... invoked by a titan
              (19 damage)
             ... on level 5 of the Vaults on May 22, 2018.
             The game lasted 02:45:41 (17844 turns).

gottagoquickly the Brawler (Troll Skald)           Turns: 17844, Time: 02:45:42

Health: 0/262      AC: 30    Str: 44    XL:     20   Next: 20%
Magic:  19/26      EV: 24    Int: 27    God:    Cheibriados [******]
Gold:   1076       SH: 18    Dex: 32    Spells: 16/33 levels left

rFire    + . .     SeeInvis .     - Unarmed
rCold    + . .     Gourm    +   k - +2 shield
rNeg     + . .     Faith    .   (armour currently unavailable)
rPois    ∞         Spirit   .   (helmet restricted)
rElec    +         Reflect  .   A - +2 cloak
rCorr    .         Harm     .   (gloves unavailable)
MR       ++...                  (boots unavailable)
Stlth    +++.......             W - amulet of the Queen {Gourm rF+}
HPRegen  0.93/turn              C - ring of protection from cold
MPRegen  0.20/turn              J - ring of protection from magic

@: mighty, agile, statue-form, very slightly contaminated, studying Fighting,
drained, invisible, very slow
A: large, unfitting armour, claws 3, fast metabolism 3, gourmand, low mp 1,
regeneration 1
}: 2/15 runes: decaying, gossamer
a: End Transformation, Bend Time, Temporal Distortion, Slouch, Step From Time,
Renounce Religion


You were on level 5 of the Vaults.
You worshipped Cheibriados.
Cheibriados was exalted by your worship.
You were full.
You were a stone statue.
You visited 8 branches of the dungeon, and saw 39 of its levels.
You also visited: Labyrinth and Sewer.

You collected 3440 gold pieces.
You spent 2364 gold pieces at shops.

Inventory:

Hand Weapons
 e - a +4 scimitar of flaming
 x - a +4 blowgun
Missiles
 f - 322 arrows
 h - 2 throwing nets (quivered)
 D - 45 large rocks
 H - 16 curare-tipped needles
Armour
 k - a +2 shield (worn)
 p - a +0 large shield
 w - a +2 troll leather armour (melded)
 A - a +2 cloak (worn)
Magical Staves
 z - an uncursed staff of wizardry
Jewellery
 c - an uncursed ring of protection from magic
 C - a ring of protection from cold (left claw)
 J - a ring of protection from magic (right claw)
 U - an uncursed ring of positive energy
 W - the amulet of the Queen (around neck) {Gourm rF+}
   (You bought it in a shop on level 2 of the Orcish Mines)

   [amulet of the gourmand]

   It allows you to eat raw meat even when not hungry.
   It protects you from fire.
Wands
 q - a wand of clouds (6)
 y - a wand of enslavement (7)
 L - a wand of paralysis (38)
 N - a wand of polymorph (36)
 P - a wand of scattershot (6)
 R - a wand of flame (10)
 S - a wand of acid (12)
Scrolls
 l - 7 scrolls of teleportation
 n - 6 scrolls of magic mapping
 t - 10 scrolls of remove curse {@r2}
 u - 4 scrolls of fog
 B - 5 scrolls of fear
 O - 2 scrolls of blinking
 Q - 2 scrolls of vulnerability {!r}
 T - a scroll of identify {@r1}
Potions
 b - 3 potions of might
 g - 6 potions of resistance
 m - 7 potions of curing {@q1}
 r - a potion of ambrosia
 s - 5 potions of flight
 v - 2 potions of invisibility
 E - 2 potions of mutation {!q}
 F - 2 potions of agility
 G - 2 potions of magic
 V - 3 potions of lignification {!q}
 X - 2 potions of cancellation
 Z - 2 potions of brilliance
Books
 K - a manual of Fighting
Miscellaneous
 j - 3 phantom mirrors
 o - a lightning rod (4/4)
 M - a lamp of fire (inert)
 Y - a sack of spiders
Comestibles
 a - 5 chunks of flesh
 d - 39 rations


   Skills:
 + Level 13.3(13.0) Fighting
 + Level 8.3(8.0) Dodging
 + Level 10.2(9.8) Shields
 + Level 15.3(15.0) Unarmed Combat
 - Level 7.1(6.8) Spellcasting
 - Level 2.0(1.7) Charms
 - Level 4.0(3.7) Necromancy
 * Level 4.5(4.3) Translocations
 - Level 11.2(10.9) Transmutations
 - Level 13.0(12.6) Earth Magic
 + Level 11.8(11.4) Invocations
 - Level 6.0(5.7) Evocations


You had 16 spell levels left.
You knew the following spells:

 Your Spells              Type           Power        Failure   Level  Hunger
a - Song of Slaying       Chrm           ###.....     4%          2    None
b - Lesser Beckoning      Tloc           ####......   3%          3    None
c - Statue Form           Tmut/Erth      ######...    7%          6    ######.
d - Sticks to Snakes      Tmut           ######..     1%          2    None
q - Regeneration          Chrm/Necr      ###.......   6%          3    None
A - Apportation           Tloc           ####..       1%          1    None

Your spell library contained the following spells:

 Spells                   Type           Power        Failure   Level  Hunger
 Fireball                 Conj/Fire      #.........   86%         5    #####..
 Bolt of Fire             Conj/Fire      #.........   100%        6    ######.
 Bolt of Magma            Conj/Fire/Erth ####......   28%         5    #####..
 Confuse                  Hex            #.......     19%         3    None
 Invisibility             Hex            #.......     100%        6    ######.
 Throw Flame              Conj/Fire      #.....       9%          2    None
 Ring of Flames           Chrm/Fire      ##........   100%        7    #######
 Venom Bolt               Conj/Pois      #.........   86%         5    #####..
 Summon Small Mammal      Summ           #...         6%          1    None
 Lehudib's Crystal Spear  Conj/Erth      #####.....   100%        8    #######
 Fire Storm               Conj/Fire      #.........   100%        9    #######
 Animate Skeleton         Necr           N/A          1%          1    None
 Poison Arrow             Conj/Pois      #.........   100%        6    ######.
 Tukima's Dance           Hex            #.......     19%         3    None
 Corpse Rot               Necr           N/A          1%          2    None
 Iron Shot                Conj/Erth      #####.....   56%         6    ######.
 Stone Arrow              Conj/Erth      #####.       1%          3    None
 Spider Form              Tmut/Pois      #####.....   1%          3    None
 Blade Hands              Tmut           ######....   1%          5    #####..
 Ice Form                 Ice/Tmut       #####...     6%          4    ###....
 Deflect Missiles         Chrm/Air       ##........   100%        6    ######.
 Glaciate                 Conj/Ice       #.........   100%        9    #######
 Confusing Touch          Hex            #.....       6%          1    None
 Flame Tongue             Conj/Fire      #....        6%          1    None
 Passwall                 Tmut/Erth      ######....   1%          2    None
 Ignite Poison            Fire/Tmut/Pois ####....     4%          3    None
 Ensorcelled Hibernation  Hex/Ice        #.....       9%          2    None
 Metabolic Englaciation   Hex/Ice        #.........   86%         5    #####..
 Summon Butterflies       Summ           #.......     6%          1    None
 Silence                  Hex/Air        #.........   86%         5    #####..
 Shatter                  Erth           ######....   100%        9    #######
 Corona                   Hex            #......      6%          1    None
 Alistair's Intoxication  Tmut/Pois      #####...     17%         5    #####..
 Conjure Ball Lightning   Conj/Air       #.........   100%        6    ######.
 Chain Lightning          Conj/Air       #.........   100%        8    #######
 Petrify                  Tmut/Erth      ######..     1%          4    ###....
 Orb of Destruction       Conj           #.........   100%        7    #######
 Tornado                  Air            #.........   100%        9    #######
 Leda's Liquefaction      Hex/Erth       #####.....   4%          4    ###....
 Summon Hydra             Summ           #.........   100%        7    #######
 Shroud of Golubria       Chrm/Tloc      ####......   2%          2    None
 Beastly Appendage        Tmut           ######       1%          1    None
 Iskenderun's Battlesphe  Conj/Chrm      ##......     75%         5    #####..
 Dazzling Spray           Conj/Hex       #.....       19%         3    None
 Infusion                 Chrm           ###.         3%          1    None
 Spectral Weapon          Hex/Chrm       ##......     13%         3    None
 Summon Forest            Summ/Tloc      ###.......   56%         5    #####..
 Summon Lightning Spire   Summ/Air       #.......     52%         4    ###....
 Spellforged Servitor     Conj/Summ      #.........   100%        7    #######
 Hydra Form               Tmut           ######....   11%         6    ######.
 Gell's Gravitas          Tloc           ####......   3%          3    None
 Yara's Violent Unravell  Hex/Tmut       #####.....   17%         5    #####..
 Poisonous Vapours        Pois/Air       #.....       9%          2    None
 Ignition                 Fire           #.........   100%        8    #######


Dungeon Overview and Level Annotations

Branches:
Dungeon (14/15)            Temple (1/1) D:7            Lair (6/6) D:9
  Swamp (4/4) Lair:3       Spider (4/4) Lair:4        Slime (0/5) Lair:6
    Orc (2/2) D:9             Elf (3/3) Orc:2        Vaults (5/5) D:14
  Crypt: Vaults:2-3

Altars:
Ashenzari
Cheibriados
Dithmenos
Elyvilon
Fedhas
Gozag
Hepliaklqana
Kikubaaqudgha
Makhleb
Nemelex Xobeh
Okawaru
Ru
Sif Muna
Vehumet
Wu Jian
Xom
Yredelemnul
Zin
The Shining One
Beogh

Shops:
D:13 (   Orc:1 !   Orc:2 ?**=   Vaults:5 %?

Annotations:
D:3 Totori's ghost, amateur NaMo
Lair:1 Harold
Lair:4 spider
Spider:3 exclusion: entropy weaver


Innate Abilities, Weirdness & Mutations

You are too large for most types of armour.
You have claws for hands.
Your metabolism is lightning-fast.
You like to eat raw meat.
Your natural rate of healing is unusually fast.
((You are covered in fur. (AC +1)))
((You have very tough skin. (AC +2)))
Your magical capacity is low. (-10% MP)


Message History

Unknown command.
Okay, then.
Unknown command.
You feel agile all of a sudden.
Your song has ended.
The shadow dragon breathes negative energy at you.
The bolt of negative energy misses you.
An ettin comes into view. It is wielding two dire flails.
The shadow dragon misses you.
You block the shadow dragon's attack. x2
Unknown command.
You claw the titan!
The titan is moderately wounded.
The glowing orange brain changes into a shock serpent!
You block the titan's attack.
A phantasmal warrior comes into view.
The shadow dragon bites you!
* * * LOW HITPOINT WARNING * * *
You block the shadow dragon's attack. x2
The titan waves its arms in wide circles.
The air twists around and strikes you!
You die...

.# ...#
###########....#
..S....)8......#
......)DC...#..#
..##..).#####
#....# #....##
#...C #....#
#.W.. ....#


You could see a shadow dragon, a titan, an ettin (wandering), a shock serpent
shaped shifter and a phantasmal warrior.

Vanquished Creatures
  the Lernaean hydra (Swamp:4)
  The ghost of Totori the Slayer, an adept MiHu of Trog (Elf:3)
  Arachne (Spider:4)
  2 sphinxes
  3 deep elf master archers (Elf:3)
  2 deep elf blademasters (Elf:3)
  Kirke (Swamp:1)
  A thorn hunter (Swamp:4)
  Frances (D:14)
  A shadow dragon (Vaults:5)
  Roxanne (Elf:3)
  5 ghost moths
  2 frost giants
  3 vault wardens
  An iron dragon (Vaults:5)
  7 deep elf sorcerers
  An orc warlord (Orc:1)
  5 deep elf elementalists (Elf:3)
  4 emperor scorpions
  9 ironheart preservers
  5 entropy weavers
  6 deep elf demonologists
  3 stone giants
  12 deep elf annihilators
  A minotaur (Lab)
  2 spark wasps
  2 ettins (Vaults:5)
  7 deep elf death magi
  6 deep elf high priests
  6 yaktaur captains
  A fire dragon (Vaults:1)
  Erolcha (Orc:2)
  The ghost of Findor the Martial Artist, a journeyman OpTm of Cheibriados (Lair:4)
  5 vault guards
  Fannar (Orc:1)
  18 hydras
  A rakshasa (Vaults:4)
  3 ice dragons
  2 great orbs of eyes
  A queen ant (Spider:2)
  17 two-headed ogres
  2 deep troll earth magi (Vaults:3)
  A deep troll shaman (Vaults:4)
  11 alligators
  12 dancing weapons
  A tengu warrior (D:13)
  4 ogre magi
  9 orc high priests
  10 deep elf knights
  2 large abominations (Elf:3)
  Nergalle (Orc:1)
  Sonja (Lair:1)
  10 skeletal warriors
  A shadow wraith (Vaults:2)
  3 unseen horrors
  A glowing orange brain (Vaults:1)
  6 deep trolls
  Pikel (D:6)
  A shambling mangrove (Swamp:3)
  3 wizards (D:14)
  A phantasmal warrior (Vaults:1)
  7 ironbrand convokers
  13 deep elf archers
  33 ugly things
  6 swamp dragons
  38 deep elf magi
  16 orb spiders
  10 orc knights
  29 wolf spiders
  5 orc sorcerers
  Maurice (D:13)
  3 moths of wrath
  5 cyclopes
  3 vault sentinels
  2 centaur zombies
  Joseph (Lair:1)
  Psyche (D:12)
  A gargoyle (D:7)
  4 black mambas
  A torpor snail (Spider:4)
  3 rime drakes
  3 minotaur zombies (Lab)
  7 komodo dragons
  8 spiny frogs
  5 freezing wraiths
  3 kobold demonologists
  An efreet (D:13)
  12 yaktaurs
  A tengu conjurer (D:13)
  11 demonic crawlers
  10 trolls
  36 jumping spiders
  6 tyrant leeches
  13 hornets
  10 blink frogs
  5 slime creatures (D:13)
  2 raiju (shapeshifter)
  5 hippogriffs
  11 bog bodies
  A meliai zombie (D:12)
  70 redbacks
  A centaur simulacrum (D:14)
  3 shadows
  3 water elementals
  A spriggan (Swamp:1)
  2 wyverns
  A fire elemental (Elf:2)
  38 tarantellas
  44 yaks
  A golden eye (shapeshifter) (Vaults:2)
  5 hogs
  22 humans
  2 basilisks
  2 vampire mosquitoes (Swamp:1)
  6 swamp worms
  5 wargs
  6 hungry ghosts
  19 soldier ants
  An acid dragon (D:13)
  6 water moccasins
  Duvessa (D:6)
  5 porcupines
  4 phantoms
  A sky beast (D:8)
  2 slaves (D:5)
  52 orc warriors
  9 swamp drakes
  An ice beast (D:9)
  2 boggarts (Vaults:1)
  17 ogres
  7 centaurs
  5 wolves
  9 crocodiles
  8 big kobolds
  2 earth elementals
  13 bullfrogs
  2 scorpions
  Dowan (D:6)
  9 killer bees
  A howler monkey (D:12)
  9 jellies
  6 wights
  4 crimson imps
  A quasit (D:9)
  A bullfrog zombie (D:5)
  4 hounds
  33 orc priests
  2 centaur skeletons
  A gnoll shaman (D:1)
  25 orc wizards
  A bullfrog skeleton (D:11)
  27 worker ants
  9 iguanas
  2 killer bee zombies
  A hound skeleton (D:5)
  A worker ant zombie (D:9)
  3 gnolls
  10 adders
  3 howler monkey skeletons
  A shadow imp (D:11)
  An ooze (D:2)
  An adder skeleton (D:9)
  A dart slug (D:2)
  A leopard gecko (D:4)
  86 orcs
  5 giant cockroaches
  5 goblins
  6 hobgoblins
  16 jackals
  37 kobolds
  6 quokkas
  3 ball pythons (Sewer)
  3 bats
  8 frilled lizards
  A jackal zombie (D:5)
  A quokka skeleton (D:6)
  A quokka zombie (D:5)
  A rat (D:2)
  A crawling corpse (Elf:3)
  4 plants (Sewer)
1287 creatures vanquished.

Vanquished Creatures (collateral kills)
  A titan (Vaults:5)
  2 swamp dragons (Swamp:4)
  A shining eye (shapeshifter) (Vaults:4)
4 creatures vanquished.

Vanquished Creatures (others)
  A swamp dragon (Swamp:4)
  A deep elf mage (Elf:1)
  A demonic crawler (Spider:1)
  A jumping spider (Spider:2)
  A tarantella (Spider:2)
  A human (Swamp:1)
  A water moccasin (Lair:6)
  A crocodile (Lair:6)
  A quokka (D:5)
  22 fungi
  9 plants
40 creatures vanquished.

Grand Total: 1331 creatures vanquished

Notes
Turn   | Place    | Note
-------+----------+-------------------------------------------
     0 | D:1      | gottagoquickly the Troll Skald began the quest for the Orb.
     0 | D:1      | Reached XP level 1. HP: 19/19 MP: 1/1
   176 | D:1      | Reached XP level 2. HP: 27/27 MP: 2/2
   253 | D:3      | Reached skill level 3 in Unarmed Combat
   290 | D:3      | Noticed a sky beast
   317 | D:2      | gnoll shaman on d:2?
   340 | D:1      | Reached skill level 4 in Unarmed Combat
   340 | D:1      | Reached XP level 3. HP: 14/33 MP: 3/3
   394 | D:1      | HP: 4/33 [gnoll/spear (8)]
   441 | D:1      | Reached XP level 4. HP: 34/41 MP: 4/4
   597 | D:3      | Noticed Totori's ghost (amateur NaMo)
   832 | D:2      | You fall through a shaft!
   835 | D:3      | Reached skill level 5 in Unarmed Combat
   943 | D:4      | Noticed a phantom
   959 | D:4      | Reached XP level 5. HP: 48/48 MP: 5/5
   989 | D:4      | Killed a phantom
   989 | D:4      | Reached skill level 1 in Shields
  1045 | D:5      | Entered Level 5 of the Dungeon
  1045 | D:5      | Noticed a centaur
  1045 | D:5      | Noticed an ogre
  1130 | D:6      | Noticed Dowan
  1141 | D:6      | Killed Dowan
  1141 | D:6      | Reached skill level 6 in Unarmed Combat
  1141 | D:6      | Reached XP level 6. HP: 39/55 MP: 6/6
  1145 | D:6      | Noticed Duvessa
  1220 | D:5      | Got a thick robe
  1231 | D:5      | Identified the +1 robe "Qomukeu" {rC+} (You found it on level 5 of the Dungeon)
  1248 | D:5      | Found a shadowy altar of Dithmenos.
  1262 | D:5      | Reached skill level 2 in Shields
  1303 | D:5      | Reached XP level 7. HP: 40/62 MP: 7/7
  1324 | D:6      | Noticed Pikel
  1359 | D:5      | Reached skill level 7 in Unarmed Combat
  1409 | D:5      | Found a white marble altar of Elyvilon.
  1438 | D:5      | Reached skill level 3 in Shields
  1653 | D:6      | Killed Duvessa
  1751 | D:6      | Found a glowing drain.
  1768 | Sewer    | Entered a sewer
  2104 | Sewer    | Reached skill level 8 in Unarmed Combat
  2215 | D:6      | Killed Pikel
  2215 | D:6      | Reached skill level 4 in Shields
  2215 | D:6      | Reached XP level 8. HP: 39/70 MP: 8/8
  2321 | D:6      | Reached skill level 5 in Shields
  2321 | D:6      | Reached skill level 9 in Unarmed Combat
  2372 | D:7      | Reached skill level 2 in Fighting
  2514 | D:7      | Found a staircase to the Ecumenical Temple.
  2517 | D:7      | Reached skill level 3 in Fighting
  2525 | Temple   | Entered the Ecumenical Temple
  2572 | Temple   | Became a worshipper of Cheibriados the Contemplative
  2659 | D:7      | Reached XP level 9. HP: 41/83 MP: 9/9
  2694 | D:7      | Noticed a two-headed ogre
  2705 | D:7      | Killed a two-headed ogre
  2705 | D:7      | Reached skill level 4 in Fighting
  2754 | D:7      | Noticed a gargoyle
  2785 | D:7      | Killed a gargoyle
  2785 | D:7      | Reached skill level 6 in Shields
  2880 | D:7      | You fall through a shaft for 3 floors!
  2880 | D:10     | Entered Level 10 of the Dungeon
  2894 | D:10     | Reached skill level 5 in Fighting
  2990 | D:10     | Reached * piety under Cheibriados
  3029 | D:10     | Reached skill level 10 in Unarmed Combat
  3036 | D:9      | Found a burning altar of Makhleb.
  3052 | D:9      | Reached skill level 2 in Dodging
  3124 | D:10     | Reached XP level 10. HP: 72/98 MP: 10/10
  3176 | D:10     | Killed an unseen horror
  3176 | D:10     | Reached skill level 6 in Fighting
  3179 | D:10     | oh
  3179 | D:10     | TWO unseen horrors?
  3187 | D:10     | Killed an unseen horror
  3187 | D:10     | Reached skill level 3 in Dodging
  3375 | D:10     | Reached skill level 7 in Fighting
  3375 | D:10     | Reached skill level 7 in Shields
  3390 | D:10     | Reached ** piety under Cheibriados
  3540 | D:9      | Found a staircase to the Lair.
  3567 | D:9      | Reached skill level 4 in Dodging
  3670 | D:9      | Noticed a two-headed ogre
  3677 | D:9      | Killed a two-headed ogre
  3677 | D:9      | Reached skill level 8 in Fighting
  3677 | D:9      | Reached XP level 11. HP: 82/111 MP: 11/11
  3713 | D:9      | Reached *** piety under Cheibriados
  3847 | D:8      | Found a shattered altar of Ashenzari.
  3884 | D:8      | Reached skill level 1 in Invocations
  3989 | D:8      | Found a sparkling altar of Nemelex Xobeh.
  3990 | D:8      | Found an ancient bone altar of Kikubaaqudgha.
  3992 | D:8      | Found a basalt altar of Yredelemnul.
  3995 | D:8      | Found a white marble altar of Elyvilon.
  4275 | D:10     | Reached skill level 2 in Invocations
  4302 | D:11     | Reached **** piety under Cheibriados
  4365 | D:11     | Reached skill level 5 in Dodging
  4373 | D:11     | Noticed a two-headed ogre
  4383 | D:11     | Killed a two-headed ogre
  4383 | D:11     | Reached skill level 3 in Invocations
  4389 | D:11     | Reached skill level 8 in Shields
  4412 | D:11     | Reached skill level 4 in Invocations
  4487 | D:11     | Killed an unseen horror
  4504 | D:11     | Reached ***** piety under Cheibriados
  4529 | D:11     | Found a labyrinth entrance.
  4538 | Lab      | Entered a labyrinth
  4578 | Lab      | wow, this was lucky
  4588 | Lab      | Noticed a minotaur
  4599 | Lab      | Killed a minotaur
  4621 | Lab      | HP: 14/111 [minotaur zombie (11)]
  4625 | Lab      | Reached skill level 5 in Invocations
  4748 | D:11     | Noticed a purple ugly thing
  4773 | D:11     | Killed a purple ugly thing
  4773 | D:11     | Reached skill level 11 in Unarmed Combat
  4773 | D:11     | Reached XP level 12. HP: 108/119 MP: 3/15
  4809 | D:11     | Noticed a two-headed ogre
  4816 | D:11     | Killed a two-headed ogre
  4980 | D:12     | Reached skill level 6 in Dodging
  5065 | D:12     | You fall through a shaft for 2 floors!
  5101 | D:13     | Reached skill level 6 in Invocations
  5369 | D:13     | Learned a level 2 spell: Song of Slaying
  5588 | D:12     | Noticed Psyche
  5598 | D:12     | Killed Psyche
  5822 | D:12     | Reached skill level 7 in Invocations
  6083 | D:9      | Found a staircase to the Orcish Mines.
  6088 | Orc:1    | Entered Level 1 of the Orcish Mines
  6088 | Orc:1    | Found Qedun's Distillery.
  6091 | Orc:1    | Bought a potion of agility for 40 gold pieces
  6091 | Orc:1    | Bought a potion of magic for 80 gold pieces
  6091 | Orc:1    | Bought a potion of curing for 30 gold pieces
  6091 | Orc:1    | Bought a potion of lignification for 30 gold pieces
  6091 | Orc:1    | Bought a potion of flight for 30 gold pieces
  6091 | Orc:1    | free identification
  6091 | Orc:1    | almost free
  6111 | Orc:1    | Noticed Fannar
  6166 | Orc:1    | Noticed an orc warlord
  6190 | Orc:1    | Killed an orc warlord
  6190 | Orc:1    | Reached skill level 9 in Shields
  6190 | Orc:1    | Reached skill level 12 in Unarmed Combat
  6210 | Orc:1    | Killed Fannar
  6324 | Orc:1    | Noticed an orc high priest
  6336 | Orc:1    | Killed an orc high priest
  6378 | Orc:2    | Entered Level 2 of the Orcish Mines
  6393 | Orc:2    | Reached skill level 7 in Dodging
  6423 | Orc:2    | Noticed a two-headed ogre
  6433 | Orc:2    | Killed a two-headed ogre
  6433 | Orc:2    | Reached XP level 13. HP: 122/127 MP: 13/17
  6705 | Orc:1    | Noticed Nergalle
  6720 | Orc:1    | Killed Nergalle
  6728 | Orc:1    | HP: 11/127 [orc warrior/hand axe[an orc knight] (20)]
  6822 | Orc:1    | Reached skill level 13 in Unarmed Combat
  6822 | Orc:1    | Reached skill level 8 in Invocations
  6858 | Orc:1    | Found a roughly hewn altar of Beogh.
  7103 | Orc:2    | Found a staircase to the Elven Halls.
  7308 | Orc:2    | Noticed Erolcha
  7330 | Orc:2    | Killed Erolcha
  7360 | Orc:2    | Found Qorrah's Magic Scroll Shop.
  7360 | Orc:2    | Found Yppum's Jewellery Boutique.
  7360 | Orc:2    | Found Plog's General Store.
  7364 | Orc:2    | Found Gosijaz's Assorted Antiques.
  7376 | Orc:2    | Learned a level 5 spell: Bolt of Magma
  7379 | Orc:2    | Bought a scroll of fear for 59 gold pieces
  7379 | Orc:2    | Bought a potion of curing for 51 gold pieces
  7380 | Orc:2    | Bought a scroll of teleportation for 51 gold pieces
  7380 | Orc:2    | Bought a scroll of identify for 34 gold pieces
  7380 | Orc:2    | Bought a scroll of identify for 34 gold pieces
  7380 | Orc:2    | Bought a scroll of identify for 34 gold pieces
  7388 | Orc:2    | Bought an uncursed ring of protection from magic for 350 gold pieces
  7388 | Orc:2    | Bought an uncursed ring of poison resistance for 280 gold pieces
  7395 | Orc:2    | Bought a scroll of enchant armour for 195 gold pieces
  7395 | Orc:2    | Bought a potion of curing for 78 gold pieces
  7501 | Orc:1    | Bought a potion of curing for 30 gold pieces
  7530 | Lair:1   | Entered Level 1 of the Lair of Beasts
  7587 | Lair:1   | Noticed Harold
  7675 | Lair:2   | Reached skill level 1 in Earth Magic
  7675 | Lair:2   | Reached skill level 8 in Dodging
  7676 | Lair:2   | Reached skill level 9 in Fighting
  7702 | Lair:1   | Noticed Sonja
  7707 | Lair:1   | Noticed Joseph
  7709 | Lair:1   | Killed Sonja
  7709 | Lair:1   | Reached skill level 2 in Earth Magic
  7719 | Lair:1   | Killed Joseph
  7746 | Lair:2   | Reached skill level 3 in Earth Magic
  7801 | Lair:2   | Reached skill level 4 in Earth Magic
  7928 | Lair:2   | Reached skill level 5 in Earth Magic
  7964 | Lair:2   | Learned a level 6 spell: Statue Form
  8094 | Lair:3   | Found a staircase to the Swamp.
  8139 | Lair:4   | Noticed Findor's ghost (journeyman OpTm)
  8170 | Lair:4   | Reached skill level 1 in Transmutations
  8190 | Lair:4   | Killed Findor's ghost
  8250 | Lair:5   | Reached skill level 6 in Earth Magic
  8253 | Lair:5   | Reached skill level 2 in Transmutations
  8285 | Lair:5   | Reached XP level 14. HP: 140/140 MP: 19/19
  8367 | Lair:6   | Entered Level 6 of the Lair of Beasts
  8569 | Lair:6   | Reached skill level 3 in Transmutations
  8580 | Lair:6   | Found a staircase to the Slime Pits.
  8767 | Lair:5   | Reached skill level 7 in Earth Magic
  8807 | Swamp:1  | Entered Level 1 of the Swamp
  8869 | Swamp:1  | Noticed Kirke
  8888 | Swamp:1  | Killed Kirke
  8888 | Swamp:1  | Reached skill level 4 in Transmutations
  9082 | Swamp:4  | Entered Level 4 of the Swamp
  9175 | Swamp:4  | Noticed a thorn hunter
  9188 | Swamp:4  | Killed a thorn hunter
  9188 | Swamp:4  | Reached skill level 8 in Earth Magic
  9202 | Swamp:4  | Reached skill level 5 in Transmutations
  9350 | Swamp:4  | HP: 28/140 [swamp dragon (6)]
  9356 | Swamp:4  | HP: 25/140 [poisoned by a swamp dragon (blast of poison)]
  9366 | Swamp:4  | HP: 31/182 [ten-headed hydra (11)]
  9374 | Swamp:4  | HP: 30/182 [five-headed hydra (10)]
  9376 | Swamp:4  | HP: 14/182 [three-headed hydra (6)]
  9390 | Swamp:4  | HP: 27/140 [bog body (2)]
  9394 | Swamp:4  | HP: 13/140 [bog body (6)]
  9397 | Swamp:4  | Reached skill level 9 in Earth Magic
  9552 | Swamp:4  | oh boy, it's lerny
  9563 | Swamp:4  | Reached skill level 6 in Transmutations
  9651 | Swamp:4  | Noticed the 27-headed Lernaean hydra
  9817 | Swamp:4  | Killed the 27-headed Lernaean hydra
  9817 | Swamp:4  | Reached XP level 15. HP: 142/146 MP: 5/20
  9845 | Swamp:4  | Got a decaying rune of Zot
  9960 | Swamp:3  | Reached skill level 10 in Earth Magic
  9993 | Swamp:3  | Reached skill level 7 in Transmutations
 10135 | Swamp:2  | Identified Sif Muna's Almanac of Blistering Feathers
 10470 | Lair:4   | Found a hole to the Spider Nest.
 10508 | Spider:1 | Entered Level 1 of the Spider Nest
 10556 | Spider:1 | right
 10556 | Spider:1 | no monsters no monsters no monsters
 10556 | Spider:1 | take another step
 10556 | Spider:1 | boom, 10 at once
 10581 | Spider:1 | HP: 28/146 [disintegration (21)]
 10589 | Spider:1 | Reached skill level 8 in Transmutations
 10683 | Spider:1 | Reached skill level 11 in Earth Magic
 10715 | Spider:2 | lul
 11013 | Spider:1 | Learned a level 3 spell: Regeneration
 11074 | Spider:1 | and back at 5*
 11074 | Spider:1 | probably not for long
 11297 | Spider:1 | ooh, staff of wizardry
 11297 | Spider:1 | how nice
 11314 | Spider:1 | 16% with it
 11388 | Spider:2 | Reached skill level 9 in Transmutations
 11520 | Spider:1 | Killed a ghost moth
 11520 | Spider:1 | Reached skill level 2 in Spellcasting
 11520 | Spider:1 | Reached skill level 12 in Earth Magic
 11589 | Spider:2 | Reached XP level 16. HP: 156/156 MP: 14/21
 11729 | Spider:2 | Reached skill level 3 in Spellcasting
 11822 | Spider:3 | Reached ****** piety under Cheibriados
 11920 | Spider:4 | Entered Level 4 of the Spider Nest
 12022 | Spider:4 | Reached skill level 4 in Spellcasting
 12330 | Spider:4 | Reached skill level 10 in Transmutations
 12338 | Spider:4 | Noticed Arachne
 12368 | Spider:4 | Reached skill level 5 in Spellcasting
 12525 | Spider:4 | Reached skill level 13 in Earth Magic
 12593 | Spider:4 | Killed Arachne
 12601 | Spider:4 | Reached XP level 17. HP: 162/162 MP: 10/24
 12737 | Spider:4 | Learned a level 1 spell: Apportation
 12763 | Spider:4 | Got a gossamer rune of Zot
 12858 | Spider:3 | Reached skill level 6 in Spellcasting
 13121 | Orc:2    | Bought the amulet of the Queen {Gourm rF+} for 616 gold pieces
 13122 | Orc:2    | ok, and with this i can at least try to do elf
 13126 | Orc:2    | 13k turns and 2 runes, not bad
 13167 | Elf:1    | Entered Level 1 of the Elven Halls
 13168 | Elf:1    | lol bazaar
 13168 | Elf:1    | i have 5 gold
 13354 | Elf:1    | Reached skill level 9 in Invocations
 13362 | Elf:2    | Found an ancient bone altar of Kikubaaqudgha.
 13488 | Elf:3    | Entered Level 3 of the Elven Halls
 13531 | Elf:2    | Reached skill level 11 in Transmutations
 13616 | Elf:3    | Noticed Totori's ghost (adept MiHu)
 13637 | Elf:3    | Killed Totori's ghost
 13696 | Elf:3    | Noticed Roxanne
 13707 | Elf:3    | i don't need roxanne anymore
 13819 | Elf:3    | hmm
 13819 | Elf:3    | i don't *need* her, but it seems i have to go past her
 13819 | Elf:3    | oh well
 13895 | Elf:3    | Killed Roxanne
 13958 | Elf:3    | the guy ran out of arrows but STILL BLINKS
 13958 | Elf:3    | jesus
 14013 | Elf:3    | Reached skill level 10 in Invocations
 14068 | Elf:3    | Noticed a deep elf master archer
 14075 | Elf:3    | Killed a deep elf master archer
 14079 | Elf:3    | Noticed a deep elf blademaster
 14082 | Elf:3    | Reached skill level 7 in Spellcasting
 14082 | Elf:3    | Killed a deep elf blademaster
 14085 | Elf:3    | yikes
 14156 | Elf:3    | nice spears m8
 14202 | Elf:3    | yikes take two
 14204 | Elf:3    | Noticed a deep elf master archer
 14218 | Elf:3    | Killed a deep elf master archer
 14218 | Elf:3    | HP: 41/210 [acid (15)]
 14219 | Elf:3    | Reached XP level 18. HP: 43/171 MP: 2/27
 14224 | Elf:3    | HP: 38/222 [large abomination[a deep elf death mage] (12)]
 14226 | Elf:3    | Reached skill level 11 in Invocations
 14232 | Elf:3    | HP: 31/222 [large abomination[a deep elf death mage] (18)]
 14246 | Elf:3    | wew lad
 14250 | Elf:3    | HP: 13/171 [deep elf sorcerer/bolt of acid (43)]
 14250 | Elf:3    | HP: 4/171 [acid (9)]
 14251 | Elf:3    | ?!?!?!!??!?!!?!?!?
 14252 | Elf:3    | now
 14252 | Elf:3    | which way did he go
 14252 | Elf:3    | so i don't go the same way
 14353 | Elf:3    | back at 4* :/
 14414 | Elf:3    | Reached skill level 1 in Translocations
 14498 | Elf:3    | god bless curare
 14582 | Elf:3    | Reached skill level 2 in Translocations
 14602 | Elf:3    | Identified Ujieqon's Reference Book on Flames
 14616 | Elf:3    | Learned a level 3 spell: Lesser Beckoning
 14619 | Elf:3    | Learned a level 2 spell: Sticks to Snakes
 14641 | Elf:3    | Reached skill level 14 in Unarmed Combat
 14692 | Elf:3    | Identified the Compendium of Earth (You found it on level 3 of the Elven Halls)
 14940 | Elf:2    | Reached skill level 10 in Fighting
 15052 | Elf:1    | Noticed a Hell Sentinel
 15061 | Elf:1    | Reached skill level 3 in Translocations
 15348 | Orc:2    | Bought a scroll of identify for 52 gold pieces
 15409 | Orc:1    | Bought a potion of curing for 30 gold pieces
 15409 | Orc:1    | Bought a potion of magic for 80 gold pieces
 15409 | Orc:1    | Bought a potion of resistance for 100 gold pieces
 15409 | Orc:1    | Bought 2 potions of might for 80 gold pieces
 15563 | D:13     | Found Tuleik's Weapon Shop.
 15563 | D:13     | Noticed Maurice
 15574 | D:13     | Killed Maurice
 15764 | D:14     | Noticed Frances
 15775 | D:14     | Killed Frances
 15775 | D:14     | Reached skill level 15 in Unarmed Combat
 15930 | D:14     | Reached skill level 4 in Translocations
 15934 | D:14     | Found a gate to the Vaults.
 15947 | D:14     | Reached skill level 11 in Fighting
 15973 | Vaults:1 | Entered Level 1 of the Vaults
 16020 | Vaults:1 | Reached skill level 1 in Evocations
 16033 | Vaults:1 | Reached skill level 1 in Necromancy
 16147 | Vaults:1 | Reached skill level 2 in Evocations
 16156 | Vaults:1 | Reached XP level 19. HP: 174/187 MP: 21/28
 16162 | Vaults:1 | Reached skill level 2 in Necromancy
 16248 | Vaults:1 | Reached skill level 3 in Evocations
 16502 | Vaults:2 | Reached skill level 3 in Necromancy
 16502 | Vaults:2 | Reached skill level 4 in Evocations
 16559 | Vaults:2 | Reached skill level 12 in Fighting
 16631 | Vaults:2 | Found a roughly hewn altar of Beogh.
 16782 | Vaults:3 | Reached skill level 5 in Evocations
 16856 | Vaults:3 | Reached skill level 4 in Necromancy
 17443 | Vaults:4 | Gained mutation: Your magical capacity is low. (-10% MP) [a shining eye]
 17450 | Vaults:4 | fucking shapeshifters
 17537 | Vaults:4 | Reached skill level 6 in Evocations
 17547 | Vaults:4 | Reached skill level 13 in Fighting
 17622 | Vaults:4 | Reached skill level 10 in Shields
 17642 | Vaults:4 | Reached XP level 20. HP: 202/202 MP: 21/26
 17789 | Vaults:4 | okaayyyyy, 18k turns v5
 17789 | Vaults:4 | let's gooooooooo
 17789 | Vaults:4 | ...later, time for a break :)
 17791 | Vaults:5 | Entered Level 5 of the Vaults
 17796 | Vaults:5 | mmm
 17796 | Vaults:5 | not a good spot
 17799 | Vaults:5 | ugh
 17805 | Vaults:5 | Found Meath's Magic Scroll Boutique.
 17805 | Vaults:5 | Found Suplas's Food Emporium.
 17806 | Vaults:5 | oh shit nigga
 17816 | Vaults:5 | right, hit me every turn through 23 ev, why not
 17837 | Vaults:5 | hm?
 17837 | Vaults:5 | you can't stop song of slaying now?
 17837 | Vaults:5 | well great
 17838 | Vaults:5 | HP: 51/262 [wolf spider (2)]
 17844 | Vaults:5 | HP: 19/262 [shadow dragon (12)]
 17844 | Vaults:5 | Killed from afar by a titan

Vault maps used:
D:1:      minmay_arrival_statue_studded, minmay_tromino_v4_a
D:2:      overflow_temple_1_default
D:4:      nicolae_qazlal_eye_of_the_storm, first_ration, uniq_ijyb
D:5:      nicolae_dithmenos_shadow_blocks, elyvilon_altar_4
D:6:      trog_ov_bears_minmay, portal_sewer_entry_d, uniq_pikel, uniq_duvessa
D:7:      minmay_cornered_nines, minmay_temple_entry_nine_rooms
D:8:      grunt_temple_overflow_cloverleaf, ashenzari_conservatory_becter,
          hex_medium, hangedman_decor_peaks_small, worms_lemuel
D:9:      bloody_makhleb, minmay_lair_entry_grove, orc_0_dummy,
          corexii_corridor_pit, grunt_ministairs_5
D:10:     grunt_livestock
D:11:     lab_entry_generic
D:12:     uniq_psyche
D:13:     serial_shops, shop, uniq_maurice
D:14:     grunt_vaults_entry_tiered, hangedman_decor_diamond_cutter,
          uniq_frances, uniq_urug
Temple:   minmay_temple_bridge_abc
Lair:1:   uniq_harold, uniq_joseph, uniq_sonja
Lair:2:   grunt_megastairs_3
Lair:3:   minmay_swamp_entry_reptiles
Lair:4:   minmay_guarded_unrand_snakebite, spider_nest_entry_web_field
Lair:5:   special_room, hangedman_lair_unloving_vines, serial_bayou_shore_a,
          lemuel_fruit_tree
Lair:6:   grunt_lair_end_beastmaster, nicolae_slime_entry_slimehenge
Swamp:1:  evilmike_swamp_ruin_house_1, swamp_pool3, cheibrodos_swamp_minitomb,
          uniq_kirke
Swamp:2:  evilmike_swamp_ruin_house_3
Swamp:3:  nicolae_swamp_godswood, uniq_bai_suzhen
Swamp:4:  grunt_swamp_rune_castle
Spider:2: zaba_anthell
Spider:3: spider_trap, nicolae_spider_webs_and_nodes
Spider:4: johnstein_spider_rune_arachne_lair, guppyfry_hornet_nest
Orc:1:    basic_altar, serial_shops, shop, uniq_fannar, uniq_nergalle
Orc:2:    st_orc_mages, uniq_erolcha
Elf:1:    eino_elf_arrival_customs, serial_shops, bzr_entry_gold, orc_legates
Elf:2:    basic_altar
Elf:3:    minmay_elf_hall_four_x, uniq_roxanne
Vaults:1: v_misc_26, grunt_vaults_hallway_short, vaults_room_pool,
          nicolae_vaults_three_branches, vaults_standard_mumra_lines, v_misc_2,
          vaults_mumra_lcd, nicolae_vaults_little_squares_1,
          ontoclasm_vaults_shout, v_misc_31, nicolae_vaults_ninety_degrees,
          nicolae_vaults_little_squares_1, ontoclasm_vaults_decontamination
Vaults:2: ontoclasm_vaults_ring_square, blue_anna_dwarven_crypt, v_rooms_5,
          nicolae_vaults_little_squares_4, v_alt_pattern_5,
          vaults_standard_mumra_x, special_room_vaults
Vaults:3: nicolae_vaults_network_barrier, hangedman_vaults_trim, v_pattern_5,
          hangedman_vaults_restitches, hangedman_vaults_snaps,
          hangedman_vaults_stream, vaults_room_ringed_pool,
          ontoclasm_vaults_bender, grunt_vaults_hallway_short,
          nicolae_vaults_specimen_jars, v_misc_22, serial_shops, shop
Vaults:4: nicolae_vaults_little_squares_2, v_rooms_2, v_misc_9,
          hangedman_vaults_stagger, vaults_dpeg_diagonal, ontoclasm_vaults_chip,
          nicolae_vaults_network_square, grunt_vaults_funnel,
          ontoclasm_vaults_fault, vaults_room_pools
Vaults:5: serial_shops
Lab:      labyrinth_hidden_loot
Sewer:    sewer_co_scattered_pipes

Skill      XL: |  1  2  3  4  5  6  7  8  9 10 11 12 13 14 15 16 17 18 19 |
---------------+----------------------------------------------------------+-----
Unarmed Combat | 4 5 6 8 9 10 11 12 13 15 | 15.3
Shields        | 1 2 4 5 6 7 8 9 10 | 10.2
Fighting       | 3 5 8 9 11 13 | 13.3
Dodging        | 2 4 5 7 8 |  8.3
Invocations    | 5 7 8 10 11 | 11.8
Earth Magic    | 6 9 12 13 | 13.0
Transmutations | 2 6 9 10 11 | 11.2
Spellcasting   | 2 5 7 |  7.1
Translocations | 4 |  4.5
Evocations     | 2 6 |  6.0
Necromancy     | 1 4 |  4.0
Charms         | |  2.0

Action                   |  1- 3 |  4- 6 |  7- 9 | 10-12 | 13-15 | 16-18 | 19-21 || total
-------------------------+-------+-------+-------+-------+-------+-------+-------++-------
Melee: Unarmed           |    62 |   125 |   330 |   587 |   982 |   865 |   398 ||  3349
       Punch             |     2 |     1 |     1 |       |       |       |       ||     4
       Scimitar          |       |       |       |       |    74 |     8 |       ||    82
 Fire: Blowgun           |       |       |       |       |       |    12 |       ||    12
Throw: Tomahawk          |       |       |       |     2 |     7 |       |       ||     9
       Javelin           |       |       |       |       |    53 |    15 |       ||    68
 Cast: Statue Form       |       |       |       |       |     3 |    63 |    34 ||   100
       Regeneration      |       |       |       |       |       |     5 |     7 ||    12
       Apportation       |       |       |       |       |       |    30 |    10 ||    40
       Lesser Beckoning  |       |       |       |       |       |     2 |     5 ||     7
       Sticks to Snakes  |       |       |       |       |       |       |     6 ||     6
       Song of Slaying   |       |       |       |       |       |       |     1 ||     1
Invok: Slouch            |       |       |       |     6 |    18 |    17 |     2 ||    43
       Bend Time         |       |       |       |     6 |     9 |     3 |       ||    18
       Step From Time    |       |       |       |       |       |     1 |       ||     1
       Temporal Distorti |       |       |       |       |       |       |     1 ||     1
Evoke: Wand              |       |       |     6 |     7 |    36 |     1 |     3 ||    53
       Lamp of fire      |       |       |       |       |       |       |     1 ||     1
  Use: Scroll            |       |     4 |     6 |     6 |    14 |     7 |     4 ||    41
       Potion            |       |       |       |     6 |     7 |     4 |     6 ||    23
 Stab: Sleeping          |       |     1 |     1 |       |       |     1 |     4 ||     7
       Confused          |       |       |       |     2 |       |       |       ||     2
       Distracted        |       |       |       |       |       |     1 |     1 ||     2
       Invisible         |       |       |       |       |       |       |     2 ||     2
  Eat: Chunk             |     8 |     9 |    20 |    32 |    40 |    73 |    28 ||   210
Armor: Robe              |    25 |    33 |    66 |    45 |       |       |       ||   169
       Troll leather arm |       |       |       |    79 |    49 |    11 |     1 ||   140
       Swamp dragon scal |       |       |       |       |   222 |       |       ||   222
       Skin              |       |       |       |       |   133 |   520 |   176 ||   829
Dodge: Dodged            |    30 |    47 |    82 |   179 |   582 |   698 |   257 ||  1875
Block: Shield            |       |       |   107 |   334 |   766 |   790 |   315 ||  2312
       Rpst.: Scimitar   |       |       |       |       |     8 |     2 |       ||    10

Table legend:
 A = Spawn XP
 B = Non-spawn XP
 C = Spawn XP percentage of total XP
 D = Spawn monster count
 E = Non-spawn monster count
 F = Spawn count percentage of total count
 G = Total turns spent on level
                    A         B        C        D         E        F      G
               +---------+---------+-------+---------+---------+-------+---------
         Total |       0 |  497182 |   0.0 |       0 |    1283 |   0.0 | 17844
               +---------+---------+-------+---------+---------+-------+---------
           D:1 |       0 |      89 |   0.0 |       0 |      13 |   0.0 |   367
           D:2 |       0 |      55 |   0.0 |       0 |      17 |   0.0 |   414
           D:3 |       0 |      30 |   0.0 |       0 |      13 |   0.0 |   157
           D:4 |       0 |     169 |   0.0 |       0 |       9 |   0.0 |   168
           D:5 |       0 |     669 |   0.0 |       0 |      20 |   0.0 |   424
           D:6 |       0 |    1236 |   0.0 |       0 |      14 |   0.0 |   470
           D:7 |       0 |    2031 |   0.0 |       0 |      25 |   0.0 |   418
           D:8 |       0 |     870 |   0.0 |       0 |      13 |   0.0 |   294
           D:9 |       0 |    3506 |   0.0 |       0 |      37 |   0.0 |   604
          D:10 |       0 |    4464 |   0.0 |       0 |      32 |   0.0 |   677
          D:11 |       0 |    8178 |   0.0 |       0 |      42 |   0.0 |   499
          D:12 |       0 |    3488 |   0.0 |       0 |      16 |   0.0 |   683
          D:13 |       0 |   11866 |   0.0 |       0 |      42 |   0.0 |   540
          D:14 |       0 |   13575 |   0.0 |       0 |      47 |   0.0 |   329
        Lair:1 |       0 |    1603 |   0.0 |       0 |       4 |   0.0 |   196
        Lair:2 |       0 |    5377 |   0.0 |       0 |      20 |   0.0 |   244
        Lair:3 |       0 |    2622 |   0.0 |       0 |      14 |   0.0 |   252
        Lair:4 |       0 |    5626 |   0.0 |       0 |      19 |   0.0 |   251
        Lair:5 |       0 |    3460 |   0.0 |       0 |      12 |   0.0 |   237
        Lair:6 |       0 |    5640 |   0.0 |       0 |      19 |   0.0 |   274
       Swamp:1 |       0 |   13092 |   0.0 |       0 |      26 |   0.0 |   429
       Swamp:2 |       0 |    4243 |   0.0 |       0 |       7 |   0.0 |   178
       Swamp:3 |       0 |    4781 |   0.0 |       0 |      10 |   0.0 |   132
       Swamp:4 |       0 |   24856 |   0.0 |       0 |      37 |   0.0 |   853
      Spider:1 |       0 |   22755 |   0.0 |       0 |      62 |   0.0 |   917
      Spider:2 |       0 |   22213 |   0.0 |       0 |      88 |   0.0 |   468
      Spider:3 |       0 |    5260 |   0.0 |       0 |      14 |   0.0 |   196
      Spider:4 |       0 |   48768 |   0.0 |       0 |     108 |   0.0 |   878
         Orc:1 |       0 |    9529 |   0.0 |       0 |      37 |   0.0 |   553
         Orc:2 |       0 |   10692 |   0.0 |       0 |      88 |   0.0 |  1076
         Elf:1 |       0 |   27219 |   0.0 |       0 |      58 |   0.0 |   571
         Elf:2 |       0 |   14506 |   0.0 |       0 |      25 |   0.0 |   294
         Elf:3 |       0 |   78628 |   0.0 |       0 |      65 |   0.0 |  1272
      Vaults:1 |       0 |   30271 |   0.0 |       0 |      41 |   0.0 |   434
      Vaults:2 |       0 |   29538 |   0.0 |       0 |      61 |   0.0 |   458
      Vaults:3 |       0 |   23512 |   0.0 |       0 |      36 |   0.0 |   426
      Vaults:4 |       0 |   33716 |   0.0 |       0 |      57 |   0.0 |   500
      Vaults:5 |       0 |   16662 |   0.0 |       0 |      11 |   0.0 |    53
           Lab |       0 |    2320 |   0.0 |       0 |       4 |   0.0 |   196
         Sewer |       0 |      67 |   0.0 |       0 |      20 |   0.0 |   392
               +---------+---------+-------+---------+---------+-------+---------
